 Seeded DCSS version 0.27.1-2-g3b301248ec (webtiles) character file.

Game seed: 14036611466628663890 (custom seed)

0 donath the Skirmisher (level 1, -7/16 HPs)
             Began as an Octopode Abyssal Knight on Sept 28, 2021.
             Was a Follower of Lugonu.
             Mangled by a thrashing horror (10 damage)
             ... on level 1 of the Abyss.
             The game lasted 00:00:22 (65 turns).

donath the Skirmisher (Octopode Abyssal Knight)       Turns: 65, Time: 00:00:23

Health: -7/16      AC:  1    Str: 11    XL:     1   Next: 0%
Magic:  2/2        EV: 13    Int: 14    God:    Lugonu [*.....]
Gold:   3          SH:  0    Dex: 11    Spells: 0/0 levels left

rFire    . . .     SeeInvis .     - Unarmed
rCold    . . .     Faith    .   (no shield)
rNeg     . . .     Spirit   .   (helmet restricted)
rPois    .         Reflect  .   (no amulet)
rElec    .         Harm     .   (no ring)
rCorr    .         Rampage  .   (no ring)
Will     .....                  (no ring)
Stlth    ++........             (no ring)
HPRegen  0.05/turn              (no ring)
MPRegen  0.08/turn              (no ring)
                                (no ring)
                                (no ring)

@: no status effects
A: almost no armour, amphibious, 8 rings, camouflage 1, gelatinous body 1,
(nimble swimmer 1), tentacles
a: Renounce Religion, Depart the Abyss


You were on level 1 of the Abyss.
You worshipped Lugonu.
Lugonu was aware of your devotion.
You visited 0 branches of the dungeon, and saw 0 of its levels.
You visited the Abyss 1 time.

You collected 3 gold pieces.

Inventory:

Missiles
 b - 23 arrows
 c - 5 poisoned darts
Scrolls
 a - a scroll of magic mapping {unknown}
Potions
 d - a potion of brilliance {unknown}


   Skills:
 + Level 3.0 Fighting
 + Level 2.3 Dodging
 + Level 2.0 Unarmed Combat
 + Level 2.0 Invocations


You couldn't memorise any spells.
You didn't know any spells.
Your spell library contained the following spells:

 Spells                   Type           Power      Damage    Failure   Level
 Static Discharge         Conj/Air       0%         N/A       41%         2
 Lightning Bolt           Conj/Air       0%         1d11      100%        5
 Maxwell's Capacitive Co  Air            0%         ∞         100%        8


Dungeon Overview and Level Annotations

Branches:
Dungeon (0/15)

Altars:


Innate Abilities, Weirdness & Mutations

You cannot wear most types of armour.
You are amphibious.
You can wear up to eight rings at the same time.
Your skin changes colour to match your surroundings (Stealth+).
Your rubbery body absorbs attacks. (AC +1, EV +1)
((You are camouflaged near water. (Stealth+)))
You have tentacles for arms and can constrict up to eight enemies at once.


Message History

Welcome, donath the Octopode Abyssal Knight.
Game seed: 14036611466628663890 (custom seed) Lugonu says: Depart the Abyss and spread corruption, my servant! (use the ability menu to exit the Abyss) Press ? for a list of commands and other information.
Found 23 arrows and a dagger.
Found a corrupted altar of Lugonu.
Found a gateway leading deeper into the Abyss.
Found a scroll labelled ENAORU MEPNERU.
Found a gateway leading out of the Abyss.
Found a gateway leading deeper into the Abyss.
a - a scroll labelled ENAORU MEPNERU
Found 3 gold pieces.
You see here 23 arrows.
b - 23 arrows
Found a rapier.
You now have 3 gold pieces.
Found a book of Lightning.
Found a gateway leading out of the Abyss.
Found a There-And-Back Book.
You pick up a book of Lightning and begin reading...
You add the spells Static Discharge, Lightning Bolt and Maxwell's Capacitive Coupling to your library.
Found 5 poisoned darts.
Found an inky potion.
You see here 5 poisoned darts.
c - 5 poisoned darts You see here an inky potion.
d - an inky potion The thrashing horror roars!
A tentacled starspawn comes into view.
A large abomination comes into view.
The thrashing horror tramples you.
You hold your ground!
The thrashing horror tramples you.
You stumble backwards!
Tentacles burst from the starspawn's body! 2 starspawn tentacles come into view.
The thrashing horror tramples you.
* * * LOW HITPOINT WARNING * * *
You stumble backwards!
The thrashing horror tramples you!
Ouch! That really hurt!
You die...

.. ..... ....
..###...###...#
...#.....#.....
..................
.................
................ ..
#..w. #.....#.
..###.X.###..@###. .
...#.....#..X..#....
.........X...........
.....................
.....................
.#.....#.....#.....
##...###...###...# .
#.....#.....#.....
................. ...


You could see a tentacled starspawn and a thrashing horror.

Vanquished Creatures (others)
  2 starspawn tentacles (Abyss:1)
2 creatures vanquished.

Notes
Turn   | Place    | Note
-------+----------+-------------------------------------------
     0 | Abyss:1  | donath the Octopode Abyssal Knight began the quest for the
                  | Orb.
     0 | Abyss:1  | Reached XP level 1. HP: 16/16 MP: 2/2
    58 | Abyss:1  | Noticed a thrashing horror
    60 | Abyss:1  | Noticed a tentacled starspawn
    61 | Abyss:1  | Noticed a large abomination
    65 | Abyss:1  | Mangled by a thrashing horror

Illustrated notes

Levels and vault maps discovered:
Abyss:1:  base: Temple, guppyfry_abyss_exit_glass_guarded, base:
Temple
